 Dungeon Sprint DCSS version 0.27-a0-1140-g099f9bb0e8 (webtiles) character file.

Game seed: 5528539426698229391

280 Zeld the Transmogrifier (level 6, -5/45 HPs)
             Began as an Octopode Transmuter on May 8, 2021.
             Was a Follower of Sif Muna.
             Slain by a spriggan
             ... wielding a +0 dagger
              (15 damage)
             ... in the Dungeon (Sprint IV: "Fedhas' Mad Dash").
             The game lasted 00:02:13 (2026 turns).

Zeld the Transmogrifier (Octopode Transmuter)       Turns: 2026, Time: 00:02:14

Health: -5/45      AC:  2    Str: 11    XL:     6   Next: 27%
Magic:  12/14      EV: 23    Int: 16    God:    Sif Muna [*.....]
Gold:   84         SH:  0    Dex: 17    Spells: 5/15 levels left

rFire    . . .     SeeInvis .     - Unarmed
rCold    . . .     Faith    .   (shield currently unavailable)
rNeg     . . .     Spirit   .   (helmet currently unavailable)
rPois    x         Reflect  .   a - amulet of invisibility {+Inv}
rElec    .         Harm     .   (no ring)
rCorr    .         Rampage  .   (no ring)
Will     .....     NoTele   +   (no ring)
Stlth    ++........             (no ring)
HPRegen  0.15/turn              (no ring)
MPRegen  0.14/turn              (no ring)
                                (no ring)
                                (no ring)

@: lethally poisoned (-5 -> -15), spider-form (expiring)
A: venomous fangs, almost no armour, (amphibious), 8 rings, tiny, (camouflage
1), (gelatinous body 1), (nimble swimmer 1), (tentacles)
a: End Transformation, Renounce Religion, Evoke Invisibility, Channel Magic


You were in the Dungeon.
You worshipped Sif Muna.
Sif Muna was aware of your devotion.
You were a venomous arachnid creature.
You visited 1 branch You collected 84 gold pieces.

Inventory:

Jewellery
 a - the amulet of invisibility (around neck) {+Inv}
   (You found it in the Dungeon)

   [amulet of nothing]

   It lets you turn invisible.
Scrolls
 b - a scroll of amnesia {unknown}
 g - a scroll of blinking
Potions
 d - a potion of haste
 e - 2 potions of magic


   Skills:
 + Level 5.6 Fighting
 + Level 5.9 Dodging
 - Level 3.0 Unarmed Combat
 + Level 5.4 Spellcasting
 * Level 8.2 Transmutations


You had 5 spell levels left.
You knew the following spells:

 Your Spells              Type           Power      Damage    Failure   Level
a - Beastly Appendage     Tmut           60%        N/A       3%          1
b - Wereblood             Tmut           30%        N/A       4%          2
c - Spider Form           Tmut/Pois      8%         N/A       21%         3
d - Ice Form              Ice/Tmut       17%        N/A       47%         4

Your spell library contained the following spells:

 Spells                   Type           Power      Damage    Failure   Level
 Hydra Form               Tmut           15%        N/A       32%         5


Dungeon Overview and Level Annotations

Branches:
Dungeon (1/1)

Altars:
Cheibriados
Dithmenos
Elyvilon
Gozag
Hepliaklqana
Kikubaaqudgha
Makhleb
Nemelex Xobeh
Okawaru
Qazlal
Ru
Sif Muna
Trog
Uskayaw
Vehumet
Wu Jian
Xom
Yredelemnul
Zin
The Shining One
Beogh
Jiyva
Lugonu


Innate Abilities, Weirdness & Mutations

You are a venomous arachnid creature.
You have poisonous fangs.
You are tiny and dextrous.
Your spellcasting is less reliable in this form.
Your armour is entirely melded.
You are incapable of wielding weapons or throwing items.
You cannot wear most types of armour.
((You are amphibious.))
You can wear up to eight rings at the same time.
((Your skin changes colour to match your surroundings (Stealth+).))
((Your rubbery body absorbs attacks. (AC +1, EV +1)))
((You are camouflaged near water. (Stealth+)))
((You have tentacles for arms and can constrict up to eight enemies at once.))


Message History

Sif Muna accepts your kill.
You can now call upon Sif Muna for magical energy.
The scorpion misses you.
You barely miss the scorpion.
The scorpion stings you but does no damage.
You hit the scorpion but do no damage.
The scorpion is poisoned.
The scorpion completely misses you.
You hit the scorpion but do no damage.
The scorpion looks as sick as possible!
The scorpion is moderately wounded.
The scorpion stings you!
You are lethally poisoned!
The scorpion poisons you!
You hit the scorpion.
The scorpion looks as sick as possible!
The scorpion is almost dead.
* * * LOW HITPOINT WARNING * * *
You feel very sick.
You kill the scorpion!
Sif Muna accepts your kill. The spriggan completely misses you.
Your Transmutations skill increases to level 8!
You have reached level 6!
Your experience leads to an increase in your attributes!
Your base attributes are Str 10, Int 16, Dex 12.
Increase (S)trength, (I)ntelligence, or (D)exterity?
You feel stronger.
You feel much better.
You feel very sick. The spriggan completely misses you.
You hit the spriggan.
The spriggan is poisoned.
The spriggan is heavily wounded.
You feel very sick. The spriggan hits you with a +0 dagger!
* * * LOW HITPOINT WARNING * * *
You barely miss the spriggan.
The spriggan is heavily wounded.
Your transformation is almost over.
* * * LOW HITPOINT WARNING * * *
You feel very sick. The spriggan hits you with a +0 dagger!
You die...

#########################
...#.⌠._._._._.⌠.#..'$..#
.).'.._._._._._.si..#$.$#
...#..._._._._...#..# #+#
#'##.._._._._._..#..#
...#._._._._._.⌠.####
...############### ####


You could see a spriggan (very poisoned).

Vanquished Creatures
  2 scorpions (D)
  4 oklob saplings (D)
  A spriggan (D)
  A river rat (D)
  A rat (D)
9 creatures vanquished.

Notes
Turn   | Place    | Note
-------+----------+-------------------------------------------
     0 | D        | Zeld the Octopode Transmuter began the quest for the Orb.
     0 | D        | Reached XP level 1. HP: 13/13 MP: 3/3
    17 | D        | Reached skill level 3 in Transmutations
    17 | D        | Reached XP level 2. HP: 19/19 MP: 2/5
    20 | D        | Learned a level 2 spell: Wereblood
   259 | D        | Noticed an oklob sapling
   263 | D        | Killed an oklob sapling
   264 | D        | Reached skill level 4 in Transmutations
   264 | D        | Reached XP level 3. HP: 25/25 MP: 2/7
   278 | D        | Learned a level 3 spell: Spider Form
   414 | D        | Noticed a scorpion
   415 | D        | Found the amulet of invisibility {+Inv}
   419 | D        | Killed a scorpion
   420 | D        | Reached skill level 5 in Transmutations
   420 | D        | Reached XP level 4. HP: 11/33 MP: 4/9
   538 | D        | Learned a level 4 spell: Ice Form
   541 | D        | Found an opulent altar of Gozag.
   541 | D        | Found a hazy altar of Hepliaklqana.
   541 | D        | Found a burning altar of Makhleb.
   541 | D        | Found a sparkling altar of Nemelex Xobeh.
   541 | D        | Found a snail-covered altar of Cheibriados.
   541 | D        | Found a sacrificial altar of Ru.
   541 | D        | Found a shimmering blue altar of Sif Muna.
   541 | D        | Found a shimmering altar of Xom.
   541 | D        | Found a basalt altar of Yredelemnul.
   542 | D        | Found a viscous altar of Jiyva.
   542 | D        | Found a bloodstained altar of Trog.
   542 | D        | Found an ornate altar of the Wu Jian Council.
   542 | D        | Noticed an oklob sapling priest
   543 | D        | Found an iron altar of Okawaru.
   543 | D        | Found a shadowy altar of Dithmenos.
   543 | D        | Found a glowing silver altar of Zin.
   544 | D        | Found an ancient bone altar of Kikubaaqudgha.
   544 | D        | Found a hide-covered altar of Uskayaw.
   545 | D        | Found a stormy altar of Qazlal.
   545 | D        | Found a glowing golden altar of the Shining One.
   545 | D        | Found a white marble altar of Elyvilon.
   546 | D        | Found a radiant altar of Vehumet.
   546 | D        | Found a corrupted altar of Lugonu.
   548 | D        | Became a worshipper of Sif Muna the Loreminder
   751 | D        | Reached skill level 6 in Transmutations
   751 | D        | Reached XP level 5. HP: 37/37 MP: 6/11
  1110 | D        | Reached skill level 5 in Dodging
  1110 | D        | Reached skill level 7 in Transmutations
  1787 | D        | Reached skill level 5 in Fighting
  1787 | D        | Reached skill level 5 in Spellcasting
  2019 | D        | Reached * piety under Sif Muna
  2024 | D        | Reached skill level 8 in Transmutations
  2024 | D        | Reached XP level 6. HP: 7/45 MP: 11/14
  2026 | D        | Slain by a spriggan

Illustrated notes

Levels and vault maps discovered:
D:        dungeon_sprint_fedhas [sprint_temple]

Skill      XL: |  1  2  3  4  5 |
---------------+----------------+-----
Fighting       | 2 3 4 5 |  5.6
Transmutations | 3 4 5 6 8 |  8.2
Dodging        | 3 4 5 |  5.9
Spellcasting   | 3 4 5 |  5.4
Unarmed Combat | |  3.0

Action                   |  1- 3 |  4- 6 || total
-------------------------+-------+-------++-------
Melee: Unarmed           |    12 |    25 ||    37
       Kick              |     3 |       ||     3
       Constrict         |     3 |       ||     3
       Tentacles         |     2 |       ||     2
 Cast: Beastly Appendage |     2 |       ||     2
       Wereblood         |     1 |       ||     1
       Spider Form       |     1 |     5 ||     6
 Abil: Evoke Invisibilit |       |     2 ||     2
  Use: Potion            |     1 |     2 ||     3
 Stab: Invisible         |       |     1 ||     1
Armor: Skin              |     2 |     1 ||     3
Dodge: Dodged            |     6 |    17 ||    23

Table legend: (Time is in decaauts)
 A = Elapsed time spent in this place.
 B = Non-inter-level travel time spent in this place.
 C = Inter-level travel time spent in this place.
 D = Time resting spent in this place.
 E = Time spent auto-exploring this place.
 F = Levels seen in this place.
 G = Mean time per level.
                   A        B        C        D        E       F      G
               +--------+--------+--------+--------+--------+-----+--------+
         Total |   2037 |   2037 |      0 |   1865 |      0 |   1 | 2037.0 |
       Dungeon |   2037 |   2037 |      0 |   1865 |      0 |   1 | 2037.0 |
               +--------+--------+--------+--------+--------+-----+--------+

Top non-repeatable levels by time:
       D: 2037 daAuts
